Workbook

Sheet ЛСР 01.01 (3 Очередь)
L1: Приложение №
L2: к Договору подряда №
B4: ПОДРЯДЧИК: | E4: ТЕХНИЧЕСКИЙ ЗАКАЗЧИК: | I4: ЗАКАЗЧИК:
B8: ______________/
A11: Локальный сметный расчет №1
D12: Временное ограждение строительной площадки ГП -77
A14: № | B14: Наименование | C14: Марка/ Завод изготовитель | D14: Характеристика | E14: Ед. изм. | F14: Норма расхода | G14: Длина, м | H14: Кол-во | I14: Цена за ед.изм. | J14: Сумма | K14: Примечание | L14: Форма закупа материала
A15: 01 | B15: Подготовительные работы
A16: 01.01. | B16: Временное ограждение строительной площадки
A17: 01.01.01. | B17: Тип 1. Устройство забора
A18: 01.01.01.00 | B18: Тип 1. Устройство забора | J18: =J19+J22 -> 0
B19: Работа: | J19: =J20+J21 -> 0
B20: Устройство забора | E20: м.п. | H20: 1050 | I20: =работа!I20 -> 0 | J20: =I20*H20 -> 0 | K20: установка столбов через 2м, длина 4 м, высота 2 м | M20: 200 м
B21: Устройство забора | E21: м.п. | H21: 260 | I21: =работа!I21 -> 0 | J21: =I21*H21 -> 0 | K21: Демонтаж монтаж (Перевернуть профлист)
B22: Материалы | J22: =SUM(J23:J32) -> 0
B23: Труба профильная | D23: 80х3 | E23: м.п. | H23: =580/2*4 -> 1160 | I23: =материалы!I19 -> 0 | J23: =H23*I23 -> 0 | K23: столбы | L23: Б/У (давальческий материал)
B24: Труба профильная | D24: 80х3 | E24: м.п. | H24: =(H20/2*4)-H23 -> 940 | I24: =материалы!I20 -> 0 | J24: =H24*I24 -> 0 | K24: столбы
B25: Труба профильная | D25: 40х20х2 | E25: м.п. | H25: =580*3 -> 1740 | I25: =материалы!I21 -> 0 | J25: =H25*I25 -> 0 | K25: прожилины | L25: Б/У (давальческий материал)
B26: Труба профильная | D26: 40х20х2 | E26: м.п. | H26: =(H20*3)-H25 -> 1410 | I26: =материалы!I22 -> 0 | J26: =H26*I26 -> 0 | K26: прожилины
B27: Профлист | D27: С-8 2000х1200 (толщ.0,45мм, покрытие- полиэстер, цвет - зеленый мох) | E27: м2 | H27: =580*(2) -> 1160 | I27: =материалы!I23 -> 0 | J27: =H27*I27 -> 0 | L27: Б/У (давальческий материал)
B28: Профлист | D28: С-8 2000х1200 (толщ.0,45мм, покрытие- полиэстер, цвет - зеленый мох) | E28: м2 | H28: =(H20*2)-H27 -> 940 | I28: =материалы!I24 -> 0 | J28: =H28*I28 -> 0
B29: Грунт ГФ-021 Серый, (Лакра) | D29: - | E29: кг | H29: =(0.08*4*H24*2.1+(0.04+0.02)*2*H26) -> 800.88 | I29: =материалы!I25 -> 0 | J29: =H29*I29 -> 0 | L29: 0,25кг/м2
B30: Саморез кровельный 4,8х29 | D30: - | E30: шт | H30: =9*H20 -> 9450 | I30: =материалы!I26 -> 0 | J30: =H30*I30 -> 0 | L30: 9 шт/лист
B31: Электроды Э42 | D31: - | E31: кг | H31: 65.7 | I31: =материалы!I27 -> 0 | J31: =H31*I31 -> 0
B32: Диск отрезной по металлу 230мм | D32: - | E32: шт | H32: 60 | I32: =материалы!I28 -> 0 | J32: =H32*I32 -> 0
A33: 01.01.02. | B33: Тип 2. Устройство ворот и калитки
A34: 01.01.02.00 | B34: Тип 2. Устройство ворот и калитки | J34: =J35+J37 -> 0
B35: Работа: | J35: =J36 -> 0
B36: Устройство ворот и калитки | E36: шт | H36: 6 | I36: =работа!I25 -> 0 | J36: =I36*H36 -> 0 | K36: ворота шириной 8 м (2 шт.) калитка шириной 1,2 м (4 шт.) | L36: Демонтаж и монтаж
B37: Материалы | J37: =SUM(J38:J49) -> 0
B38: Труба профильная | D38: 80х80х3 | E38: м.п. | G38: 4 | H38: =4*H36 -> 24 | I38: =материалы!I31 -> 0 | J38: =H38*I38 -> 0 | L38: Б/У (давальческий материал)
B39: Труба профильная | D39: 40х20х2 | E39: м.п. | G39: 6 | H39: =84+33 -> 117 | I39: =материалы!I32 -> 0 | J39: =H39*I39 -> 0 | L39: Б/У (давальческий материал)
B40: Профлист | D40: С-8 2000х1200 (толщ.0,45мм, покрытие- полиэстер, цвет - зеленый мох) | E40: м2 | H40: =16+4.8 -> 20.8 | I40: =материалы!I33 -> 0 | J40: =H40*I40 -> 0 | L40: Б/У (давальческий материал)
B41: Панель | D41: заборная 3D 1,8*2,5м | E41: м2 | H41: 16 | I41: =материалы!I34 -> 0 | J41: =H41*I41 -> 0 | L41: Б/У (давальческий материал)
B42: Колесо поворотное диаметр 200мм | D42: - | E42: шт | H42: 4 | I42: =материалы!I35 -> 0 | J42: =H42*I42 -> 0
B43: Грунт ГФ-021 Серый | D43: - | E43: кг | H43: =3.32+0.88 -> 4.2 | I43: =материалы!I36 -> 0 | J43: =H43*I43 -> 0
B44: Арматура Ø16 А500 | D44: - | E44: кг | H44: 6.3 | I44: =материалы!I37 -> 0 | J44: =H44*I44 -> 0
B45: Доводчик | D45: - | E45: шт | H45: 4 | I45: =материалы!I38 -> 0 | J45: =H45*I45 -> 0
B46: Шарниры | D46: - | E46: шт | H46: 24 | I46: =материалы!I39 -> 0 | J46: =H46*I46 -> 0
B47: Задвижка | D47: - | E47: шт | H47: 6 | I47: =материалы!I40 -> 0 | J47: =H47*I47 -> 0
B48: Замок навесной | D48: - | E48: шт | H48: 6 | I48: =материалы!I41 -> 0 | J48: =H48*I48 -> 0
B49: Саморез кровельный 4,8х29 RAL6005 | D49: - | E49: шт | H49: =63+36 -> 99 | I49: =материалы!I42 -> 0 | J49: =H49*I49 -> 0
A50: 01.01.03. | B50: Тип 3. Устройство козырька
A51: 01.01.03.00 | B51: Тип 3. Устройство козырька | J51: =J52+J54 -> 0
B52: Работа: | J52: =J53 -> 0
B53: Устройство козырька | E53: м.п. | H53: 500 | I53: =работа!I29 -> 0 | J53: =I53*H53 -> 0 | K53: 1,5 м козырек
B54: Материалы | J54: =SUM(J55:J61) -> 0
B55: Профлист | D55: НС-44 2000х1050 (толщ.0,45мм, покрытие- полиэстер, цвет - зеленый мох) | E55: м2 | H55: =H53*1.5 -> 750 | I55: =материалы!I45 -> 0 | J55: =H55*I55 -> 0 | K55: монтажная ширина - 1,0м | L55: Б/У (давальческий материал)
B56: Труба профильная | D56: 40х20х2 | E56: м.п. | H56: =H53*2 -> 1000 | I56: =материалы!I46 -> 0 | J56: =H56*I56 -> 0 | L56: Б/У (давальческий материал)
B57: Уголок 50х4 | D57: - | E57: кг | H57: =(H53/2*(2.5)*(3.05)) -> 1906.25 | I57: =материалы!I47 -> 0 | J57: =H57*I57 -> 0 | L57: Б/У (давальческий материал)
B58: Грунт ГФ-021 Серый, (Лакра) | D58: - | E58: кг | H58: 30 | I58: =материалы!I48 -> 0 | J58: =H58*I58 -> 0
B59: Саморез кровельный 4,8х29 | D59: - | E59: шт | H59: 2505 | I59: =материалы!I49 -> 0 | J59: =H59*I59 -> 0
B60: Электроды Э42 | D60: - | E60: кг | H60: 23 | I60: =материалы!I50 -> 0 | J60: =H60*I60 -> 0
B61: Диск отрезной по металлу 230мм | D61: - | E61: шт | H61: 50 | I61: =материалы!I51 -> 0 | J61: =H61*I61 -> 0
A62: 01.01.99. | B62: Прочие работы
A63: 01.01.99.00 | B63: Прочие работы | J63: =J64+J66 -> 0
B64: Работа: | J64: =J65 -> 0
B65: Монтаж элементов обустройства стройплощакди | E65: шт. | H65: =SUM(H67:H71) -> 10 | I65: =работа!I33 -> 0 | J65: =I65*H65 -> 0
B66: Материалы | J66: =SUM(J67:J71) -> 0
B67: Знак 2.4 "Уступи дорогу" | D67: - | E67: шт. | H67: 2 | I67: =материалы!I54 -> 0 | J67: =H67*I67 -> 0
B68: Знак "Проход запрещен. Строительные работы" | D68: - | E68: шт. | H68: 2 | I68: =материалы!I55 -> 0 | J68: =H68*I68 -> 0
B69: Знак «Работать в защитной каске (шлеме)» | D69: - | E69: шт. | H69: 2 | I69: =материалы!I56 -> 0 | J69: =H69*I69 -> 0
B70: Знак 3.24 "Ограничение скорости - 5км/ч" | D70: - | E70: шт. | H70: 2 | I70: =материалы!I57 -> 0 | J70: =H70*I70 -> 0
B71: Знак "Острожно кран" | D71: - | E71: шт. | H71: 2 | I71: =материалы!I58 -> 0 | J71: =H71*I71 -> 0
I72: Итого по ЛСР с НДС: | J72: =J63+J51+J34+J18 -> 0
I73: в т.ч. стоимость работ: | J73: =J35+J19+J64+J52 -> 0
I74: в т.ч. стоимость материалов: | J74: =J37+J22+J66+J54 -> 0
B75: в тч НДС: | K75: указать НДС
B76: Примечание:
A77: - | B77: Стоимость СМР учитывает: затраты на все второстепенные материалы и работы необходимые для осуществления полного комплекса работ, включая затраты: обеспечение технической водой для производства работ и бытовых целей; на мобилизацию, аренду и эксплуатацию всех необходимых механизмов, оборудования и инструментов, бытовых помещений и биотуалетов; на разгрузку, подъем материалов и разноску по этажам к местам производства работ; выполнение сопутствующих работ; вывоз мусора; ФОТ, накладные расходы, прибыль организации, налоги и иные издержки Подрядчика; Обеспечение безопасного производства труда.
A78: - | B78: В случае, если один из перечисленных прочих материалов не был использован по факту при производстве работ, заказчик вправе откорректировать процент прочих материалов в актах выполненных работ (формы КС-2, КС-3), уменьшив на сумму исключенного материала.
A79: - | B79: Стоимость материалов учитывает доставку.
B81: При производстве основных работ учитывать следующие второстепенные сопутствующие работы:
A83: 1. | B83: Устройство забора
A84: - | B84: Установка столбов из трубы (погружение столбов гидромолотом глубиной 2,0 м)
A85: - | B85: Монтаж прожилин из трубы профильной
A86: - | B86: Огрунтовка (2 слоя) столбиков и прожилин
A87: - | B87: Монтаж крепления из арматуры
A88: - | B88: Монтаж профлиста
A89: 2. | B89: Устройство козырька
A90: - | B90: Монтаж профлиста
A91: - | B91: Монтаж уголка
A92: - | B92: Монтаж прожилин
A93: - | B93: Огрунтовка металлоконструкций за 2 раза
A94: 3. | B94: Устройство ворот и калитки
... A98: - | B98: Монтаж панелей, профлиста

Sheet работа
L1: Приложение №
L2: к Договору подряда №
B4: ПОДРЯДЧИК: | E4: ТЕХНИЧЕСКИЙ ЗАКАЗЧИК: | I4: ЗАКАЗЧИК:
B8: ______________/
A11: Ведомость работ
D12: Временное ограждение строительной площадки ГП -77
A14: № | B14: Наименование | C14: Марка/ Завод изготовитель | D14: Характеристика | E14: Ед. изм. | F14: Норма расхода | G14: Длина, м | H14: Кол-во | I14: Цена за ед.изм. | J14: Сумма | K14: Примечание | L14: Форма закупа материала
A15: 01 | B15: Подготовительные работы
A16: 01.01. | B16: Временное ограждение строительной площадки
A17: 01.01.01. | B17: Тип 1. Устройство забора
A18: 01.01.01.00 | B18: Тип 1. Устройство забора
B19: Работа:
B20: Устройство забора | E20: м.п. | H20: 1050 | J20: =I20*H20 -> 0 | K20: установка столбов через 2м, длина 4 м, высота 2 м | M20: 200 м
B21: Устройство забора | E21: м.п. | H21: 260 | J21: =I21*H21 -> 0 | K21: Демонтаж монтаж (Перевернуть профлист)
A22: 01.01.02. | B22: Тип 2. Устройство ворот и калитки
A23: 01.01.02.00 | B23: Тип 2. Устройство ворот и калитки
B24: Работа:
B25: Устройство ворот и калитки | E25: шт | H25: 6 | J25: =I25*H25 -> 0 | K25: ворота шириной 8 м (2 шт.) калитка шириной 1,2 м (4 шт.) | L25: Демонтаж и монтаж
A26: 01.01.03. | B26: Тип 3. Устройство козырька
A27: 01.01.03.00 | B27: Тип 3. Устройство козырька
B28: Работа:
B29: Устройство козырька | E29: м.п. | H29: 500 | J29: =I29*H29 -> 0 | K29: 1,5 м козырек
A30: 01.01.99. | B30: Прочие работы
A31: 01.01.99.00 | B31: Прочие работы
B32: Работа:
B33: Монтаж элементов обустройства стройплощакди | E33: шт. | H33: 10 | J33: =I33*H33 -> 0
I34: Итого стоимость работ | J34: =SUM(J20:J33) -> 0
B35: Примечание:
A36: - | B36: Стоимость СМР учитывает: затраты на все второстепенные материалы и работы необходимые для осуществления полного комплекса работ, включая затраты: обеспечение технической водой для производства работ и бытовых целей; на мобилизацию, аренду и эксплуатацию всех необходимых механизмов, оборудования и инструментов, бытовых помещений и биотуалетов; на разгрузку, подъем материалов и разноску по этажам к местам производства работ; выполнение сопутствующих работ; вывоз мусора; ФОТ, накладные расходы, прибыль организации, налоги и иные издержки Подрядчика; Обеспечение безопасного производства труда.
A37: - | B37: В случае, если один из перечисленных прочих материалов не был использован по факту при производстве работ, заказчик вправе откорректировать процент прочих материалов в актах выполненных работ (формы КС-2, КС-3), уменьшив на сумму исключенного материала.
A38: - | B38: Стоимость материалов учитывает доставку.
B40: При производстве основных работ учитывать следующие второстепенные сопутствующие работы:
A42: 1. | B42: Устройство забора
A43: - | B43: Установка столбов из трубы (погружение столбов гидромолотом глубиной 2,0 м)
A44: - | B44: Монтаж прожилин из трубы профильной
A45: - | B45: Огрунтовка (2 слоя) столбиков и прожилин
A46: - | B46: Монтаж крепления из арматуры
A47: - | B47: Монтаж профлиста
A48: 2. | B48: Устройство козырька
A49: - | B49: Монтаж профлиста
A50: - | B50: Монтаж уголка
A51: - | B51: Монтаж прожилин
A52: - | B52: Огрунтовка металлоконструкций за 2 раза
A53: 3. | B53: Устройство ворот и калитки
... A57: - | B57: Монтаж панелей, профлиста

Sheet материалы
L1: Приложение №
L2: к Договору подряда №
B4: ПОДРЯДЧИК: | E4: ТЕХНИЧЕСКИЙ ЗАКАЗЧИК: | I4: ЗАКАЗЧИК:
B8: ______________/
A11: Ведомость материалов
D12: Временное ограждение строительной площадки ГП -77
A14: № | B14: Наименование | C14: Марка/ Завод изготовитель | D14: Характеристика | E14: Ед. изм. | F14: Норма расхода | G14: Длина, м | H14: Кол-во | I14: Цена за ед.изм. | J14: Сумма | K14: Примечание | L14: Форма закупа материала
A15: 01 | B15: Подготовительные работы
A16: 01.01. | B16: Временное ограждение строительной площадки
A17: 01.01.01. | B17: Тип 1. Устройство забора
A18: 01.01.01.00 | B18: Тип 1. Устройство забора
B19: Труба профильная | D19: 80х3 | E19: м.п. | H19: 1160 | J19: =H19*I19 -> 0 | K19: столбы | L19: Б/У (давальческий материал)
B20: Труба профильная | D20: 80х3 | E20: м.п. | H20: 940 | J20: =H20*I20 -> 0 | K20: столбы
B21: Труба профильная | D21: 40х20х2 | E21: м.п. | H21: 1740 | J21: =H21*I21 -> 0 | K21: прожилины | L21: Б/У (давальческий материал)
B22: Труба профильная | D22: 40х20х2 | E22: м.п. | H22: 1410 | J22: =H22*I22 -> 0 | K22: прожилины
B23: Профлист | D23: С-8 2000х1200 (толщ.0,45мм, покрытие- полиэстер, цвет - зеленый мох) | E23: м2 | H23: 1160 | J23: =H23*I23 -> 0 | L23: Б/У (давальческий материал)
B24: Профлист | D24: С-8 2000х1200 (толщ.0,45мм, покрытие- полиэстер, цвет - зеленый мох) | E24: м2 | H24: 940 | J24: =H24*I24 -> 0
B25: Грунт ГФ-021 Серый, (Лакра) | D25: - | E25: кг | H25: 800.88 | J25: =H25*I25 -> 0 | L25: 0,25кг/м2
B26: Саморез кровельный 4,8х29 | D26: - | E26: шт | H26: 9450 | J26: =H26*I26 -> 0 | L26: 9 шт/лист
B27: Электроды Э42 | D27: - | E27: кг | H27: 65.7 | J27: =H27*I27 -> 0
B28: Диск отрезной по металлу 230мм | D28: - | E28: шт | H28: 60 | J28: =H28*I28 -> 0
A29: 01.01.02. | B29: Тип 2. Устройство ворот и калитки
A30: 01.01.02.00 | B30: Тип 2. Устройство ворот и калитки
B31: Труба профильная | D31: 80х80х3 | E31: м.п. | G31: 4 | H31: 24 | J31: =H31*I31 -> 0 | L31: Б/У (давальческий материал)
B32: Труба профильная | D32: 40х20х2 | E32: м.п. | G32: 6 | H32: 117 | J32: =H32*I32 -> 0 | L32: Б/У (давальческий материал)
B33: Профлист | D33: С-8 2000х1200 (толщ.0,45мм, покрытие- полиэстер, цвет - зеленый мох) | E33: м2 | H33: 20.8 | J33: =H33*I33 -> 0 | L33: Б/У (давальческий материал)
B34: Панель | D34: заборная 3D 1,8*2,5м | E34: м2 | H34: 16 | J34: =H34*I34 -> 0 | L34: Б/У (давальческий материал)
B35: Колесо поворотное диаметр 200мм | D35: - | E35: шт | H35: 4 | J35: =H35*I35 -> 0
B36: Грунт ГФ-021 Серый | D36: - | E36: кг | H36: 4.2 | J36: =H36*I36 -> 0
B37: Арматура Ø16 А500 | D37: - | E37: кг | H37: 6.3 | J37: =H37*I37 -> 0
B38: Доводчик | D38: - | E38: шт | H38: 4 | J38: =H38*I38 -> 0
B39: Шарниры | D39: - | E39: шт | H39: 24 | J39: =H39*I39 -> 0
B40: Задвижка | D40: - | E40: шт | H40: 6 | J40: =H40*I40 -> 0
B41: Замок навесной | D41: - | E41: шт | H41: 6 | J41: =H41*I41 -> 0
B42: Саморез кровельный 4,8х29 RAL6005 | D42: - | E42: шт | H42: 99 | J42: =H42*I42 -> 0
A43: 01.01.03. | B43: Тип 3. Устройство козырька
A44: 01.01.03.00 | B44: Тип 3. Устройство козырька
B45: Профлист | D45: НС-44 2000х1050 (толщ.0,45мм, покрытие- полиэстер, цвет - зеленый мох) | E45: м2 | H45: 750 | J45: =H45*I45 -> 0 | K45: монтажная ширина - 1,0м | L45: Б/У (давальческий материал)
B46: Труба профильная | D46: 40х20х2 | E46: м.п. | H46: 1000 | J46: =H46*I46 -> 0 | L46: Б/У (давальческий материал)
B47: Уголок 50х4 | D47: - | E47: кг | H47: 1906.25 | J47: =H47*I47 -> 0 | L47: Б/У (давальческий материал)
B48: Грунт ГФ-021 Серый, (Лакра) | D48: - | E48: кг | H48: 30 | J48: =H48*I48 -> 0
B49: Саморез кровельный 4,8х29 | D49: - | E49: шт | H49: 2505 | J49: =H49*I49 -> 0
B50: Электроды Э42 | D50: - | E50: кг | H50: 23 | J50: =H50*I50 -> 0
B51: Диск отрезной по металлу 230мм | D51: - | E51: шт | H51: 50 | J51: =H51*I51 -> 0
A52: 01.01.99. | B52: Прочие работы
A53: 01.01.99.00 | B53: Прочие работы
B54: Знак 2.4 "Уступи дорогу" | D54: - | E54: шт. | H54: 2 | J54: =H54*I54 -> 0
B55: Знак "Проход запрещен. Строительные работы" | D55: - | E55: шт. | H55: 2 | J55: =H55*I55 -> 0
B56: Знак «Работать в защитной каске (шлеме)» | D56: - | E56: шт. | H56: 2 | J56: =H56*I56 -> 0
B57: Знак 3.24 "Ограничение скорости - 5км/ч" | D57: - | E57: шт. | H57: 2 | J57: =H57*I57 -> 0
B58: Знак "Острожно кран" | D58: - | E58: шт. | H58: 2 | J58: =H58*I58 -> 0
I59: Итого стоимость материалов | J59: =SUM(J19:J58) -> 0
B60: Примечание:
A61: - | B61: Стоимость СМР учитывает: затраты на все второстепенные материалы и работы необходимые для осуществления полного комплекса работ, включая затраты: обеспечение технической водой для производства работ и бытовых целей; на мобилизацию, аренду и эксплуатацию всех необходимых механизмов, оборудования и инструментов, бытовых помещений и биотуалетов; на разгрузку, подъем материалов и разноску по этажам к местам производства работ; выполнение сопутствующих работ; вывоз мусора; ФОТ, накладные расходы, прибыль организации, налоги и иные издержки Подрядчика; Обеспечение безопасного производства труда.
A62: - | B62: В случае, если один из перечисленных прочих материалов не был использован по факту при производстве работ, заказчик вправе откорректировать процент прочих материалов в актах выполненных работ (формы КС-2, КС-3), уменьшив на сумму исключенного материала.
A63: - | B63: Стоимость материалов учитывает доставку.
B65: При производстве основных работ учитывать следующие второстепенные сопутствующие работы:
A67: 1. | B67: Устройство забора
A68: - | B68: Установка столбов из трубы (погружение столбов гидромолотом глубиной 2,0 м)
A69: - | B69: Монтаж прожилин из трубы профильной
A70: - | B70: Огрунтовка (2 слоя) столбиков и прожилин
A71: - | B71: Монтаж крепления из арматуры
A72: - | B72: Монтаж профлиста
A73: 2. | B73: Устройство козырька
A74: - | B74: Монтаж профлиста
A75: - | B75: Монтаж уголка
A76: - | B76: Монтаж прожилин
A77: - | B77: Огрунтовка металлоконструкций за 2 раза
A78: 3. | B78: Устройство ворот и калитки
... A82: - | B82: Монтаж панелей, профлиста
